 Dungeon Crawl Stone Soup version 0.31.0-12-g77e489cdc1 (webtiles) character file.

Game seed: 14957144102258986032

1 Gadfly the Vexing (level 1, 9/9 HPs)
             Began as a Felid Enchanter on Feb 25, 2024.
             Quit the game on level 1 of the Dungeon.
             The game lasted 00:00:32 (46 turns).

Gadfly the Vexing (Felid Enchanter)                   Turns: 46, Time: 00:00:32

Health: 9/9        AC:  1    Str:  4    XL:     1   Next: 16%
Magic:  4/4        EV: 17    Int: 18    God:
Gold:   0          SH:  0    Dex: 16    Spells: 4/4 levels left
                                        Lives:  0   Deaths: 1

rFire   . .          .
                       - Unarmed
rCold   . . .        (shield unavailable)
rNeg    . . .        (body armour unavailable)
rPois   .            (helmet unavailable)
rElec   .            (cloak unavailable)
rCorr   .            (gloves unavailable)
SInv    +            (boots unavailable)
Will    .....        (no amulet)
Stlth   +++          (no ring)
HPRegen 0.21/turn    (no ring)
MPRegen 0.09/turn

%: no passive effects
@: no status effects
A: very small, claws 1, fangs 3, see invisible, shaggy fur 1, stealthy paws, no
weapons or thrown items, no armour, multi-lived
a: no special abilities


You were on level 1 of the Dungeon.
You visited 1 branch of the dungeon, and saw 1 of its levels.

Inventory:

Scrolls
 b - a scroll of fear {unknown}
Potions
 a - 2 potions of invisibility


   Skills:
 + Level 0.0 Fighting
 + Level 2.7 Dodging
 + Level 4.0 Stealth
 + Level 1.0 Unarmed Combat
 * Level 2.0 Spellcasting
 + Level 4.4 Hexes
 * Level 0.0 Evocations


You had 4 spell levels left.
You didn't know any spells.
Your spell library contained the following spells:

 Spells                   Type           Power      Damage    Failure   Level
 Confusing Touch          Hex            17%        N/A       9%          3
 Tukima's Dance           Hex            17%        N/A       9%          3
 Ensorcelled Hibernation  Hex/Ice        18%        N/A       11%         2
 Dazzling Flash           Conj/Hex       18%        N/A       22%         3


Dungeon Overview and Level Annotations

Branches:
Dungeon (1/15)

Altars:


Innate Abilities, Weirdness & Mutations

You have sharp claws.
You have razor-sharp teeth.
You have supernaturally acute eyesight. (SInv)
You are covered in fur. (AC +1)
Your paws help you pounce on unaware monsters.
You are incapable of wielding weapons or throwing items.
You cannot wear armour.
You gain extra lives every three experience levels.


Message History

You are too injured to fight recklessly!
You are too injured to fight recklessly!
There are monsters nearby!
There are monsters nearby!
Unknown command.
The endoplasm attacks as it pursues you!
The endoplasm misses you.
Unknown command.
The endoplasm barely misses you.
A quokka comes into view.
You scratch the endoplasm but do no damage.
The endoplasm closely misses you.
You scratch the endoplasm.
The endoplasm is lightly wounded.
The endoplasm freezes you.
You are frozen.
You scratch the endoplasm.
The endoplasm is heavily wounded.
The quokka closely misses you. x2; The endoplasm hits you.
* * * LOW HITPOINT WARNING * * *
You scratch the endoplasm.
You kill the endoplasm!
The quokka misses you.
The kobold throws a stone.
The stone misses you. The quokka attacks as it pursues you!
The quokka completely misses you. The kobold hits you with a +0 dagger.
* * * LOW HITPOINT WARNING * * *
You closely miss the kobold. The quokka closely misses you.
You scratch the kobold.
The kobold is heavily wounded.
The kobold hits you with a +0 dagger.
You die...
The quokka completely misses you.
You rejoin the land of the living...
Unknown command.
Unknown command.
Unknown command.
Are you sure you want to abandon this character and quit the game? (Confirm with "yes".)
Okay, then.
Unknown command.
Are you sure you want to abandon this character and quit the game? (Confirm with "yes".)

#.r†K.#.#
...
#.##.##.#
.. ...
#.##.# ..
#.##
#....#
.###.
####.#
....
#.####
#.#
#....#
###.#
####.##
#..@#
#...
##.##
###. ...
♣♣♣. #.##
♣<.. ...
♣.PP ###
♣.P~ ♣.P~
♣.P~ ♣.PP


There were no monsters in sight!

Vanquished Creatures
  An endoplasm (D:1)
1 creature vanquished.

Notes
Turn   | Place    | Note
-------+----------+-------------------------------------------
     0 | D:1      | Gadfly the Felid Enchanter began the quest for the Orb.
     0 | D:1      | Reached XP level 1. HP: 9/9 MP: 4/4
    45 | D:1      | Slain by a kobold
    45 | D:1      | Lost a life (0 lives remaining)
    46 | D:1      | Quit the game

Illustrated notes

Levels and vault maps discovered:
D:1:      tarquinn_simple_flora_water_a, layout_basic, serial_shops,
          nicolae_book_shop_shelving, minmay_bisected

Action                     || total
---------------------------++-------
  Melee: Unarmed           ||     7
 Armour: Skin              ||     5
  Dodge: Dodged            ||    11
